 Dungeon Crawl Stone Soup version 0.28.0 (webtiles) character file.

Game seed: 17287287523001031582

9 SnakkuSnakku7 the Charlatan (level 2, -1/16 HPs)
             Began as a Deep Elf Artificer on Feb 16, 2022.
             Slain by a goblin (3 damage)
             ... on level 1 of the Dungeon.
             The game lasted 00:00:44 (707 turns).

SnakkuSnakku7 the Charlatan (Deep Elf Artificer)     Turns: 707, Time: 00:00:45

Health: -1/16      AC:  3    Str:  9    XL:     2   Next: 3%
Magic:  4/4        EV: 12    Int: 15    God:
Gold:   8          SH:  0    Dex: 15    Spells: 1/1 levels left

rFire   . . .      SeeInvis .   a - +0 club
rCold   . . .      Faith    .   (no shield)
rNeg    . . .      Spirit   .   b - +0 leather armour
rPois   .          Reflect  .   (no helmet)
rElec   .          Harm     .   (no cloak)
rCorr   .          Rampage  .   (no gloves)
Will    .....                   (no boots)
Stlth   ++........              (no amulet)
HPRegen 0.05/turn               (no ring)
MPRegen 0.09/turn               (no ring)

@: no status effects
A: no striking features
a: no special abilities


You were on level 1 of the Dungeon.
You visited 1 branch of the dungeon, and saw 1 of its levels.

You collected 8 gold pieces.

Inventory:

Hand Weapons
 a - a +0 club (weapon)
Missiles
 g - 4 poisoned darts
Armour
 b - a +0 leather armour (worn)
Wands
 c - a wand of flame (8) (quivered)
 d - a wand of charming (15)
Scrolls
 f - a scroll of fear {unknown}
Miscellaneous
 e - a piece from Xom's chessboard (15/15)


   Skills:
 - Level 0.7 Fighting
 + Level 1.0 Throwing
 - Level 0.7 Armour
 - Level 2.4 Dodging
 - Level 1.2 Stealth
 - Level 3.7 Evocations


You had one spell level left.
You didn't know any spells.
Your spell library was empty.

Dungeon Overview and Level Annotations

Branches:
Dungeon (1/15)

Altars:


Message History

The bat closely misses you.
The rat twitches its whiskers.
The rat bites you. The bat barely misses you.
You hit the bat but do no damage. The bat hits you but does no damage.
The rat misses you.
You hit the bat.
You kill the bat!
The rat bites you.
You hit the rat.
You kill the rat!
No target in view!
No target in view!
You see here a rat corpse.
You start resting.
HP restored.
The hobgoblin shouts!
A goblin comes into view. It is wielding a +0 club.
The hobgoblin closely misses you.
You closely miss the hobgoblin. The hobgoblin misses you.
You closely miss the hobgoblin. The hobgoblin hits you.
You hit the hobgoblin but do no damage. The hobgoblin hits you. x2
* * * LOW HITPOINT WARNING * * *
You hit the hobgoblin.
The hobgoblin is severely wounded.
The hobgoblin closely misses you.
You are too injured to fight recklessly!
You are too injured to fight recklessly!
Aiming: Throw Flame
Press: ? - help, Shift-Dir - straight line, f - hobgoblin
Aim: a hobgoblin (severely wounded, 71% to hit)
The puff of flame hits the hobgoblin!
You kill the hobgoblin!
Your Throwing skill increases to level 1!
You have reached level 2!
Unknown command.
Aiming: Throw Flame
Press: ? - help, Shift-Dir - straight line, f - goblin
Aim: a goblin, wielding a +0 club (64% to hit)
The puff of flame misses the goblin.
The goblin hits you with a +0 club.
You die... #.## # #PPPP..PPPPP.

#††# ..# #P..PPP.....P
##.## ...#P...PPPP.PPP
#..# #..............
...####.#######......#....
...$.........##(.###.#.###
.######..###.##....#.#.#
##.###.##.##.#...#
#.@##....##.###.#
##g#####.##.#..## #..#
#.#.....# ##.# #.#....##
.. #.##.### #.# #.##.# .#
#.##.# .. #.#... #.# ###


You could see a goblin.

Vanquished Creatures
  A goblin (D:1)
  2 hobgoblins (D:1)
  2 ball pythons (D:1)
  A bat (D:1)
  A frilled lizard (D:1)
  2 rats (D:1)
9 creatures vanquished.

Vanquished Creatures (others)
  26 plants (D:1)
26 creatures vanquished.

Grand Total: 35 creatures vanquished

Notes
Turn   | Place    | Note
-------+----------+-------------------------------------------
     0 | D:1      | SnakkuSnakku7 the Deep Elf Artificer began the quest for
                  | the Orb.
     0 | D:1      | Reached XP level 1. HP: 11/11 MP: 3/3
   707 | D:1      | Reached skill level 1 in Throwing
   707 | D:1      | Reached XP level 2. HP: 2/16 MP: 4/4
   707 | D:1      | Slain by a goblin

Illustrated notes

Levels and vault maps discovered:
D:1:      roderic_crop_circles_arrival_small, layout_basic

Skill      XL: |  1 |
---------------+----+-----
Throwing       | 1 |  1.0
Fighting       | |  0.7
Armour         | |  0.7
Dodging        | |  2.4
Stealth        | |  1.2
Evocations     | |  3.7

Action                   || total
-------------------------++-------
Melee: Club              ||    28
Evoke: Wand              ||     7
Armor: Leather armour    ||     9
Dodge: Dodged            ||    27
